 Dungeon Crawl Stone Soup version 0.25-a0-460-g4f2eb97ec1 (webtiles) character file.

Game seed: 626705949213039465, levelgen mode: deterministic

3233 ReteAZ the Thaumaturge (level 9, -3/66 HPs)
             Began as a Gnoll Wanderer on Feb 3, 2020.
             Was a Priest of Cheibriados.
             Killed by divine providence
             ... invoked by an orc priest
              (16 damage)
             ... on level 8 of the Dungeon.
             The game lasted 00:14:16 (7812 turns).

ReteAZ the Thaumaturge (Gnoll Wanderer)             Turns: 7812, Time: 00:14:18

Health: -3/66      AC: 20    Str: 21      XL:     9   Next: 98%
Magic:  21/21      EV:  9    Int: 25 (27) God:    Cheibriados [***...]
Gold:   372        SH: 11    Dex: 21 (23) Spells: 25/25 levels left

rFire    . . .     SeeInvis .   a - +2 hand crossbow
rCold    . . .     Gourm    .   l - +0 shield
rNeg     . . .     Faith    .   i - +2 chain mail {rPois}
rPois    +         Spirit   .   k - +1 hat
rElec    .         Reflect  .   (no cloak)
rCorr    .         Harm     .   (no gloves)
MR       +....                  H - +1 pair of boots
Stlth    ..........             (no amulet)
HPRegen  0.21/turn              N - ring of protection from magic
MPRegen  0.17/turn              g - +3 ring of protection

@: very slow
A: distributed training, fangs 1, iridescent scales 1, evolution 1, strong nose
a: Bend Time, Temporal Distortion, Renounce Religion


You were on level 8 of the Dungeon.
You worshipped Cheibriados.
Cheibriados was most pleased with you.
You were not hungry.

You visited 2 branches of the dungeon, and saw 9 of its levels.

You collected 508 gold pieces.
You spent 136 gold pieces at shops.

Inventory:

Hand Weapons
 a - a +2 hand crossbow (weapon)
 b - a +3 dagger of electrocution
 C - a +2 dagger of flaming
 J - a +2 vorpal dire flail
Missiles
 d - 22 poisoned darts
 e - 22 bolts (quivered)
Armour
 i - a +2 chain mail of poison resistance (worn)
 k - a +1 hat (worn)
 l - a +0 shield (worn)
 E - a +1 scale mail of magic resistance
 H - a +1 pair of boots (worn)
 K - a +0 plate armour
Jewellery
 g - a +3 ring of protection (right hand)
 y - an uncursed ring of wizardry
 F - a +4 ring of dexterity
 N - a ring of protection from magic (left hand)
Wands
 G - a wand of random effects (13)
 O - a wand of iceblast (6)
Scrolls
 h - 8 scrolls of identify
 j - a scroll of blinking
 m - a scroll of fog
 r - 2 scrolls of random uselessness {unknown}
 s - 3 scrolls of teleportation {unknown}
 x - a scroll of enchant weapon {unknown}
 A - a scroll of immolation {unknown}
 B - 2 scrolls of amnesia {unknown}
Potions
 c - a potion of brilliance
 q - 2 potions of curing
 u - a potion of magic
 w - a potion of lignification
 M - 3 potions of degeneration
Comestibles
 f - 15 rations
 o - 4 chunks of flesh


   Skills:
 + Level 4.6 Fighting
 + Level 4.6 Short Blades
 + Level 4.6 Long Blades
 + Level 4.6 Axes
 + Level 4.6 Maces & Flails
 + Level 4.6 Polearms
 + Level 4.6 Staves
 + Level 4.6 Slings
 + Level 4.6 Bows
 + Level 6.6 Crossbows
 + Level 5.4 Throwing
 + Level 5.4 Armour
 + Level 4.6 Dodging
 + Level 4.6 Stealth
 + Level 5.4 Shields
 + Level 4.6 Unarmed Combat
 + Level 8.6 Spellcasting
 + Level 3.8 Conjurations
 + Level 3.8 Hexes
 + Level 3.8 Charms
 + Level 5.5 Summonings
 + Level 3.8 Necromancy
 + Level 3.8 Translocations
 + Level 3.8 Transmutations
 + Level 3.8 Fire Magic
 + Level 3.8 Ice Magic
 + Level 3.8 Air Magic
 + Level 3.8 Earth Magic
 + Level 3.8 Poison Magic
 + Level 5.1 Invocations
 + Level 4.6 Evocations


You had 25 spell levels left.
You didn't know any spells.
Your spell library contained the following spells:

 Spells                   Type           Power        Failure   Level  Hunger
 Summon Small Mammal      Summ           ####         17%         1    None
 Animate Skeleton         Necr           N/A          34%         1    None
 Apportation              Tloc           ####..       34%         1    None
 Corona                   Hex            ####...      34%         1    None
 Sandblast                Erth           ####..       34%         1    None
 Passwall                 Tmut/Erth      ####....     45%         2    None
 Stone Arrow              Conj/Erth      ####..       71%         3    None
 Petrify                  Tmut/Erth      ####....     98%         4    ##.....
 Lee's Rapid Deconstruct  Erth           ####......   100%        5    ####...


Dungeon Overview and Level Annotations

Branches:
Dungeon (8/15)             Temple (1/1) D:4
   Lair: D:8-11

Altars:
Cheibriados
Fedhas
Gozag
Hepliaklqana
Kikubaaqudgha
Makhleb
Nemelex Xobeh
Okawaru
Trog
Vehumet
Wu Jian
Xom
Yredelemnul
Zin
The Shining One

Shops:
D:7 ([((=

Annotations:
D:4 3 runed translucent doors, Archen's ghost, amateur MiBe; Laze's ghost, amateur GnWr; poopendork's ghost, amateur GnWz; xash's ghost, amateur FoFi


Innate Abilities, Weirdness & Mutations

Your experience applies equally to all skills.
You have very sharp teeth.
Your uncanny sense of smell can sniff out nearby items.
You are partially covered in iridescent scales. (AC +2)
You evolve.


Message History

The orc priest shouts!
The orc hits you but does no damage.
Firing (i - inventory. (/) - cycle)
e - 24 bolts (quivered)
Press: ? - help, Shift-Dir - straight line, f/p - orc
Aim: an orc You shoot a bolt.
The bolt completely misses the orc.
The bolt hits the orc priest.
The orc priest is moderately wounded.
The orc priest drinks a potion.
The orc priest suddenly seems more resistant.
You block the orc's attack.
Firing (i - inventory. (/) - cycle)
e - 23 bolts (quivered)
Press: ? - help, Shift-Dir - straight line, f/p - orc
Aim: an orc You shoot a bolt.
The bolt hits the orc!
You kill the orc!
Cheibriados appreciates the change of pace.
The orc priest mumbles some strange prayers to Beogh against you.
Beogh smites you!
You die...

,,,*****...#######...##
,,** *#.............##
,,* **#............###
,,** #####....##....###
*,,** ##..#####....##
**,,*** #.)# ###...#
**,,,** #..# ##..#
**,,,* #..# ##.# *
**,,** #@.# #># *
*,,,** #o.# #.# ***
**,,,** #(.# #.#
,,***,,,,,** #o.# #.#
*,*,,,,,,,,****#(.#*
#.#
,,*,,,,,,,,,,**.o..*
##.#
*,*,,,,,,,,,,,,...#*
#..##
,,*,,,,,,,,,,,,.(.#
##..##
***,,,,,*,,,,,,,,,*
#...##


You could see 3 orc priests.

Vanquished Creatures
  A queen bee (D:8)
  Grinder (D:4)
  A hippogriff (D:7)
  Edmund (D:4)
  A black bear (D:7)
  2 ice beasts (D:8)
  2 orc warriors
  2 phantoms
  A sky beast (D:7)
  3 ogres
  A centaur (D:6)
  A bullfrog (D:6)
  Blork the orc (D:4)
  A scorpion (D:6)
  5 killer bees (D:7)
  2 crimson imps (D:5)
  A quasit (D:7)
  5 orc priests
  A jelly (D:8)
  A bullfrog skeleton (D:7)
  Terence (D:3)
  3 iguanas
  Natasha (thrice) (D:3)
  5 orc wizards
  3 worker ants
  2 hound zombies
  A worker ant zombie (D:5)
  7 gnolls
  A howler monkey skeleton (D:7)
  12 adders
  A shadow imp (D:7)
  2 oozes
  3 adder zombies (D:6)
  4 worms
  A dart slug (D:1)
  4 leopard geckos
  21 orcs
  4 ball pythons
  5 giant cockroaches
  9 goblins
  8 hobgoblins
  8 jackals
  4 quokkas
  5 bats
  3 frilled lizards
  A jackal zombie (D:6)
  6 kobolds
  A leopard gecko zombie (D:7)
  2 quokka skeletons
  7 rats
171 creatures vanquished.

Notes
Turn   | Place    | Note
-------+----------+-------------------------------------------
     0 | D:1      | ReteAZ the Gnoll Wanderer began the quest for the Orb.
     0 | D:1      | ReteAZ set off with the following items: a +2 hand
                  | crossbow, 25 bolts, a +0 ring mail, 11 poisoned darts, a +0
                  | dagger, a ration
     0 | D:1      | Reached XP level 1. HP: 13/13 MP: 8/8
   191 | D:1      | Reached XP level 2. HP: 19/19 MP: 10/10
   548 | D:1      | Reached XP level 3. HP: 25/25 MP: 11/11
  1012 | D:2      | Reached skill level 1 in Invocations
  1311 | D:2      | Found a faded altar of an unknown god.
  1336 | D:2      | Reached skill level 1 in Fighting
  1336 | D:2      | Reached skill level 1 in Short Blades
  1336 | D:2      | Reached skill level 1 in Long Blades
  1336 | D:2      | Reached skill level 1 in Axes
  1336 | D:2      | Reached skill level 1 in Maces & Flails
  1336 | D:2      | Reached skill level 1 in Polearms
  1336 | D:2      | Reached skill level 1 in Staves
  1336 | D:2      | Reached skill level 1 in Slings
  1336 | D:2      | Reached skill level 1 in Bows
  1336 | D:2      | Reached skill level 1 in Dodging
  1336 | D:2      | Reached skill level 1 in Stealth
  1336 | D:2      | Reached skill level 1 in Unarmed Combat
  1336 | D:2      | Reached skill level 1 in Evocations
  1466 | D:2      | Reached XP level 4. HP: 32/32 MP: 13/13
  1945 | D:3      | Reached skill level 1 in Conjurations
  1945 | D:3      | Reached skill level 1 in Hexes
  1945 | D:3      | Reached skill level 1 in Charms
  1945 | D:3      | Reached skill level 1 in Necromancy
  1945 | D:3      | Reached skill level 1 in Translocations
  1945 | D:3      | Reached skill level 1 in Transmutations
  1945 | D:3      | Reached skill level 1 in Fire Magic
  1945 | D:3      | Reached skill level 1 in Ice Magic
  1945 | D:3      | Reached skill level 1 in Air Magic
  1945 | D:3      | Reached skill level 1 in Earth Magic
  1945 | D:3      | Reached skill level 1 in Poison Magic
  1946 | D:3      | Reached XP level 5. HP: 37/37 MP: 14/14
  1999 | D:3      | Noticed Terence
  2007 | D:3      | Killed Terence
  2491 | D:3      | Noticed Natasha
  2494 | D:3      | Killed Natasha
  2617 | D:3      | Noticed Natasha
  2621 | D:3      | Killed Natasha
  2621 | D:3      | Reached XP level 6. HP: 44/44 MP: 16/16
  2796 | D:3      | Noticed Natasha
  2804 | D:3      | Killed Natasha
  3028 | D:4      | Found a staircase to the Ecumenical Temple.
  3055 | Temple   | Entered the Ecumenical Temple
  3077 | Temple   | Became a worshipper of Cheibriados the Contemplative
  3106 | D:4      | Noticed Blork the orc
  3111 | D:4      | Killed Blork the orc
  3111 | D:4      | Reached skill level 5 in Crossbows
  3258 | D:4      | Reached XP level 7. HP: 16/50 MP: 18/18
  3567 | D:4      | Noticed Grinder
  3568 | D:4      | Noticed Edmund
  3579 | D:4      | Paralysed by Grinder for 6 turns
  3600 | D:4      | Killed Edmund
  3601 | D:4      | Paralysed by Grinder for 4 turns
  3605 | D:4      | Killed Grinder
  4022 | D:4      | Found a runed translucent gate.
  4022 | D:4      | Noticed xash's ghost (amateur FoFi)
  4023 | D:4      | Found a runed translucent gate.
  4023 | D:4      | Found a runed translucent gate.
  4023 | D:4      | Noticed poopendork's ghost (amateur GnWz)
  4023 | D:4      | Noticed Archen's ghost (amateur MiBe)
  4023 | D:4      | Noticed Laze's ghost (amateur GnWr)
  4088 | D:5      | Entered Level 5 of the Dungeon
  4111 | D:5      | Reached XP level 8. HP: 57/57 MP: 19/19
  4345 | D:5      | Reached * piety under Cheibriados
  5193 | D:6      | Reached skill level 8 in Spellcasting
  5486 | D:6      | Reached XP level 9. HP: 48/65 MP: 21/21
  5494 | D:6      | Reached ** piety under Cheibriados
  5730 | D:6      | Reached skill level 5 in Summonings
  5965 | D:6      | Got a pair of encrusted boots
  5976 | D:6      | Identified the cursed -3 pair of boots "Hateq" {*Contam
                  | rPois Int+2} (You found it on level 6 of the Dungeon)
  6031 | D:6      | Gained mutation: You possess an exceptional clarity of
                  | mind. [mutagenic glow]
  6033 | D:6      | Found a burning altar of Makhleb.
  6315 | D:7      | Found Vynteumm's Jewellery Shoppe.
  6326 | D:7      | Found Awkuyr's Antique Weapon Shop.
  6452 | D:7      | Found an opulent altar of Gozag.
  6467 | D:7      | Found Bihofef's Antique Weapon Shop.
  6503 | D:7      | Bought a glowing war axe for 136 gold pieces
  6567 | D:7      | Reached skill level 5 in Throwing
  6567 | D:7      | Reached skill level 5 in Armour
  6567 | D:7      | Reached skill level 5 in Shields
  6611 | D:7      | Reached *** piety under Cheibriados
  6919 | D:7      | Found Mudd's Antique Armour Shop.
  6940 | D:7      | Found an iron altar of Okawaru.
  6941 | D:7      | Found Tosiakh's Antique Weapon Boutique.
  7189 | D:7      | Lost mutation: You possess an exceptional clarity of mind.
                  | [potion of mutation]
  7189 | D:7      | Gained mutation: You are partially covered in iridescent
                  | scales. (AC +2) [potion of mutation]
  7189 | D:7      | Gained mutation: You evolve. [potion of mutation]
  7705 | D:8      | Noticed a queen bee
  7722 | D:8      | Reached skill level 5 in Invocations
  7733 | D:8      | Killed a queen bee
  7812 | D:8      | Killed from afar by an orc priest

Levels and vault maps discovered:
D:1:      matt_arrival_refuge, layout_rooms, minmay_shallow_snake_nest
D:2:      minmay_thinvault, layout_basic, chequers_ecumenical_altar_island
D:3:      layout_basic, first_ration, uniq_terence, uniq_natasha
D:4:      layout_loops_ring, temple_doors_e, gammafunk_ghost_cemetery,
          uniq_edmund, uniq_blork_the_orc, uniq_grinder
D:5:      layout_basic
D:6:      layout_cave_pods, basic_altar
D:7:      layout_layer_cave, serial_shops,
          nicolae_shop_temple_entry_statues_fountains, nicolae_shop_trees,
          nicolae_shop_overgrown_old_shop, nicolae_shop_behind_doors,
          shop_coins, basic_altar, st_stairs_5, nicolae_gozag_seed_capital
D:8:      layout_layer_cave, nicolae_ossuary_entry_plus, serial_shops,
          kennysheep_little_box, david_nohive_1, hangedman_abyss_or_decor_stabs,
          mrwooster_statue_mirror
Temple:   nicolae_temple_the_god_donut

Skill      XL: |  1  2  3  4  5  6  7  8  9 |
---------------+----------------------------+-----
Invocations    | 1 2 3 4 5 |  5.1
Fighting       | 1 2 3 4 |  4.6
Short Blades   | 1 2 3 4 |  4.6
Long Blades    | 1 2 3 4 |  4.6
Axes           | 1 2 3 4 |  4.6
Maces & Flails | 1 2 3 4 |  4.6
Polearms       | 1 2 3 4 |  4.6
Staves         | 1 2 3 4 |  4.6
Slings         | 1 2 3 4 |  4.6
Bows           | 1 2 3 4 |  4.6
Dodging        | 1 2 3 4 |  4.6
Stealth        | 1 2 3 4 |  4.6
Unarmed Combat | 1 2 3 4 |  4.6
Evocations     | 1 2 3 4 |  4.6
Conjurations   | 1 2 3 |  3.8
Hexes          | 1 2 3 |  3.8
Charms         | 1 2 3 |  3.8
Necromancy     | 1 2 3 |  3.8
Translocations | 1 2 3 |  3.8
Transmutations | 1 2 3 |  3.8
Fire Magic     | 1 2 3 |  3.8
Ice Magic      | 1 2 3 |  3.8
Air Magic      | 1 2 3 |  3.8
Earth Magic    | 1 2 3 |  3.8
Poison Magic   | 1 2 3 |  3.8
Throwing       | 3 4 5 |  5.4
Armour         | 3 4 5 |  5.4
Shields        | 3 4 5 |  5.4
Summonings     | 4 5 |  5.5
Crossbows      | 5 6 |  6.6
Spellcasting   | 8 |  8.6

Action                   |  1- 3 |  4- 6 |  7- 9 || total
-------------------------+-------+-------+-------++-------
Melee: Dagger            |    58 |    35 |   211 ||   304
       Bite              |     3 |     3 |    29 ||    35
       Hand crossbow     |     1 |       |       ||     1
 Fire: Hand crossbow     |    67 |   114 |   156 ||   337
Throw: Dart              |       |       |     1 ||     1
Invok: Bend Time         |       |       |     1 ||     1
  Use: Scroll            |     3 |       |     4 ||     7
       Potion            |       |       |    11 ||    11
 Stab: Invisible         |       |       |     1 ||     1
  Eat: Chunk             |     2 |     5 |     9 ||    16
Armor: Ring mail         |    47 |       |       ||    47
       Chain mail        |     6 |    44 |   156 ||   206
       Skin              |       |       |    16 ||    16
Dodge: Dodged            |    28 |     5 |    72 ||   105
Block: Shield            |    34 |    26 |   135 ||   195

Table legend:
 A = Non-vault XP
 B = Vault XP
 C = Vault XP percentage of total XP
 D = Non-vault monster count
 E = Vault monster count
 F = Vault count percentage of total count
                 A         B        C        D         E       F
            +---------+---------+-------+---------+---------+-------
      Total |    3040 |    1579 |  34.2 |     142 |      29 |  17.0
            +---------+---------+-------+---------+---------+-------
        D:1 |      32 |       3 |   8.6 |      14 |       2 |  12.5
        D:2 |      19 |      36 |  65.5 |      12 |      13 |  52.0
        D:3 |     219 |      71 |  24.5 |      27 |       2 |   6.9
        D:4 |     236 |     544 |  69.7 |      14 |       3 |  17.6
        D:5 |     683 |       0 |   0.0 |      21 |       0 |   0.0
        D:6 |     797 |       0 |   0.0 |      28 |       0 |   0.0
        D:7 |     576 |     608 |  51.4 |      19 |       8 |  29.6
        D:8 |     478 |     317 |  39.9 |       7 |       1 |  12.5
            +---------+---------+-------+---------+---------+-------
